 Dungeon Crawl Stone Soup version 0.29.1-12-g30fa7ad0bf (webtiles) character file.

Game seed: 18239815019531312098

63 nachturnus the Ruffian (level 3, 0/36 HPs)
             Began as a Troll Fighter on Jan 2, 2023.
             Killed by nerve-wracking pain
             ... invoked by Grinder
              (6 damage)
             ... on level 3 of the Dungeon.
             The game lasted 00:04:10 (1742 turns).

nachturnus the Ruffian (Troll Fighter)              Turns: 1742, Time: 00:04:11

Health: 0/36       AC:  4    Str: 24    XL:     3   Next: 89%
Magic:  2/2        EV:  8    Int:  4    God:
Gold:   83         SH:  7    Dex: 11    Spells: 2/2 levels left

rFire   . . .      SeeInvis .     - Unarmed
rCold   . . .      Faith    .   b - +0 kite shield
rNeg    . . .      Spirit   .   a - +0 robe
rPois   .          Reflect  .   (helmet restricted)
rElec   .          Harm     .   (no cloak)
rCorr   .          Rampage  .   (gloves unavailable)
Will    .....                   (boots unavailable)
Stlth   +.........              (no amulet)
HPRegen 0.92/turn               (no ring)
MPRegen 0.08/turn               (no ring)

@: no status effects
A: large, unfitting armour, claws 3, regeneration 1, shaggy fur 1, tough skin 1
a: no special abilities


You were on level 3 of the Dungeon.
You visited 1 branch of the dungeon, and saw 3 of its levels.

You collected 83 gold pieces.

Inventory:

Armour
 a - a +0 robe (worn)
 b - a +0 kite shield (worn)
Jewellery
 p - a ring of fire
Wands
 k - a wand of polymorph (10)
 n - a wand of paralysis (12)
Scrolls
 d - 3 scrolls of teleportation {unknown}
 f - a scroll of identify {unknown}
 g - a scroll of blinking {unknown}
 h - a scroll of magic mapping {unknown}
 j - a scroll of poison {unknown}
 l - 2 scrolls of immolation {unknown}
Potions
 c - a potion of might
 e - 2 potions of berserk rage {unknown}
 i - 2 potions of curing {unknown}
 m - 2 potions of heal wounds {unknown}
 o - a potion of haste


   Skills:
 - Level 2.4 Fighting
 - Level 2.4 Dodging
 - Level 2.7 Shields
 + Level 4.2 Unarmed Combat


You had 2 spell levels left.
You didn't know any spells.
Your spell library contained the following spells:

 Spells                   Type           Power      Damage    Failure   Level
 Ensorcelled Hibernation  Hex/Ice        0%         N/A       91%         2
 Passwall                 Tmut/Erth      0%         N/A       91%         2
 Swiftness                Air            0%         N/A       99%         3
 Summon Forest            Summ/Tloc      0%         N/A       100%        5
 Monstrous Menagerie      Summ           0%         N/A       100%        7


Dungeon Overview and Level Annotations

Branches:
Dungeon (3/15)

Altars:

Annotations:
D:3 Grinder


Innate Abilities, Weirdness & Mutations

You are too large for most types of armour.
You have claws for hands.
Your natural rate of healing is unusually fast.
You are covered in fur. (AC +1)
You have tough skin. (AC +1)


Message History

You scratch the worm but do no damage.
The worm is moderately wounded.
The worm closely misses you.
You claw the worm!
You kill the worm!
Found a book of Burglary.
You now have 83 gold pieces (gained 9).
You pick up a book of Burglary and begin reading...
You add the spells Passwall, Ensorcelled Hibernation and Swiftness to your library.
Found a stone staircase leading up.
There is a stone staircase leading up here.
Found a robe.
A goblin and Grinder come into view.
The goblin shouts!
Grinder shouts!
Grinder drinks a potion.
Grinder seems to speed up.
An orc comes into view. It is wielding a +0 short sword.
An endoplasm comes into view.
Grinder is nearby!
Grinder hits you. Grinder attacks as you move away! Grinder hits you.
You writhe in agony.
Grinder attacks as you move away! Grinder hits you but does no damage.
The endoplasm quivers.
Grinder blinks!
Grinder gestures at you.
You suddenly lose the ability to move!
Grinder gestures at you.
You shrug off the repeated paralysis!
Grinder hits you.
You writhe in agony.
The goblin hits you with a +0 dagger.
You can move again.
Grinder attacks as you move away! Grinder hits you!
You writhe in agony.
* * * LOW HITPOINT WARNING * * *
The goblin attacks as you move away! The goblin hits you but does no damage.
Grinder closely misses you. Grinder attacks as you move away! Grinder hits you.
* * * LOW HITPOINT WARNING * * *
Grinder blinks! x2
You block Grinder's attack. Grinder gestures at you.
Pain shoots through your body!
You die...

##### ### ###
####...### #.. ..#
#..<###..# #.# #.#
#..## ##.## #.# #.#
## #.## ##5#####.###
#.##.# #.#
#...gJ....###.....
#.##
##@#####ยง#..##.##.#
#..## ##.##
#.......#..5
#...###..#
#........#.#.#
####...###
#.###....#.... ##.##
#. #......#.# #.#
#.# # ##.#.#.... #.#
#.# ....###.# #.#
#.# ##+### ## #.#
#.#


You could see Grinder (fast), an endoplasm and a goblin.

Vanquished Creatures
  An adder (D:2)
  3 worms
  4 ball pythons
  3 bats (D:1)
  4 endoplasms
  2 giant cockroaches (D:2)
  7 hobgoblins
  2 jackals (D:1)
  6 quokkas
  4 frilled lizards
  A goblin (D:2)
  2 kobolds
  3 rats (D:1)
42 creatures vanquished.

Vanquished Creatures (others)
  2 plants (D:2)
2 creatures vanquished.

Grand Total: 44 creatures vanquished

Notes
Turn   | Place    | Note
-------+----------+-------------------------------------------
     0 | D:1      | nachturnus the Troll Fighter began the quest for the Orb.
     0 | D:1      | Reached XP level 1. HP: 22/22 MP: 0/0
   146 | D:1      | Reached XP level 2. HP: 27/29 MP: 1/1
   259 | D:1      | Reached skill level 3 in Unarmed Combat
   528 | D:2      | Found a faded altar of an unknown god.
   552 | D:2      | Got the Commentary on Sidekicks
   598 | D:2      | Reached XP level 3. HP: 36/36 MP: 2/2
   984 | D:2      | Reached skill level 4 in Unarmed Combat
  1724 | D:3      | Noticed Grinder
  1733 | D:3      | Paralysed by Grinder for 5 turns
  1742 | D:3      | Killed from afar by Grinder

Illustrated notes

Levels and vault maps discovered:
D:1:      dpeg_arrival_oval, layout_basic
D:2:      wad_lake_hut, layout_basic, basic_ecumenical_altar, serial_curves,
          eino_curves_04, eino_curves_02, minmay_misc_feat_nine_boxes,
          uniq_terence
D:3:      layout_loops_corners, st_stairs_9, uniq_grinder

Skill      XL: |  1  2  3 |
---------------+----------+-----
Unarmed Combat | 3 4 |  4.2
Fighting       | |  2.4
Dodging        | |  2.4
Shields        | |  2.7

Action                   || total
-------------------------++-------
Melee: Unarmed           ||   131
 Stab: Sleeping          ||     1
Armor: Robe              ||    46
Dodge: Dodged            ||    55
Block: Kite shield       ||    56
